 Dungeon Crawl Stone Soup version 0.17.1-1-g73c8601 (webtiles) character file.

62 Implojin the Ruffian (level 3, -4/36 HPs)
             Began as a Troll Fighter on Mar 31, 2016.
             Killed by nerve-wracking pain
             ... invoked by an orc priest
              (7 damage)
             ... on level 3 of the Dungeon.
             The game lasted 00:02:58 (576 turns).

Implojin the Ruffian (Troll Fighter)                 Turns: 576, Time: 00:02:58

Health: -4/36      AC:  5    Str: 24    XL:     3   Next: 85%
Magic:  2/2        EV:  8    Int:  4    God:
Gold:   55         SH:  9    Dex: 16    Spells: 0 memorised, 2 levels left

rFire  . . .     SeeInvis .       - Unarmed
rCold  . . .     Clarity  .     a - +0 robe
rNeg   . . .     SustAt   +     b - +0 shield
rPois  .         Gourm    +     (helmet restricted)
rElec  .         Spirit   .     (no cloak)
rCorr  .         Warding  .     (gloves unavailable)
rMut   .         Stasis   .     (boots unavailable)
MR     .....                    (no amulet)
Stlth  +.........               r - ring of sustain attributes
                                w - +6 ring of dexterity

@: not resistant to hostile enchantments, very unstealthy
A: unfitting armour, claws 3, fast metabolism 3, gourmand, regeneration 2,
shaggy fur 1, tough skin 2
a: no special abilities


You were on level 3 of the Dungeon.
You were very full.

You visited 1 branch of the dungeon, and saw 5 of its levels.

You collected 55 gold pieces.

Inventory:

Missiles
 k - 8 tomahawks (quivered)
Armour
 a - a +0 robe (worn)
 b - a +0 shield (worn)
Jewellery
 h - an uncursed ring of magical power
 r - a ring of sustain attributes (right claw)
 w - a +6 ring of dexterity (left claw)
Scrolls
 g - 2 scrolls of remove curse {unknown}
 n - a scroll of random uselessness {unknown}
 p - a scroll of immolation {unknown}
 q - 2 scrolls of identify {unknown}
 t - 2 scrolls of magic mapping {unknown}
Potions
 c - 2 potions of might
 e - a potion of invisibility {unknown}
 j - 2 potions of flight {unknown}
 o - 2 potions of heal wounds {unknown}
 u - a potion of cancellation {unknown}
 v - a potion of agility {unknown}
Books
 s - a book of Unlife

   Spells                             Type                      Level
   a - Recall                         Summoning/Translocation      3
   b - Animate Dead                   Necromancy                   4
   c - Control Undead                 Necromancy                   4
   d - Cigotuvi's Embrace             Necromancy                   5
   e - Death Channel                  Necromancy                   6
   f - Simulacrum                     Ice/Necromancy               6
Comestibles
 d - 3 bread rations
 f - a slice of pizza
 i - a beef jerky
 l - 2 meat rations
 m - 3 chunks of flesh


   Skills:
 - Level 2.4 Fighting
 - Level 2.4 Dodging
 - Level 2.4 Shields
 * Level 4.2 Unarmed Combat


You had 2 spell levels left.
You didn't know any spells.

Dungeon Overview and Level Annotations

Branches:
Dungeon (5/15)
 Temple: D:4-7

Altars:
Vehumet

Annotations:
D:5 Blork the orc; speculusfracta's ghost, novice DEWz


Innate Abilities, Weirdness & Mutations

You are too large for most types of armour.
You have claws for hands.
Your metabolism is lightning-fast.
You like to eat raw meat.
You heal very quickly.
You are covered in fur (AC +1).
You have very tough skin (AC +2).


Message History

The puff of flame hits you! The orc wizard hits you with a dagger.
* * * LOW HITPOINT WARNING * * *
You scratch the orc wizard but do no damage.
The orc wizard is severely wounded.
The orc wizard points at you and mumbles some strange words.
The puff of frost hits you!
* * * LOW HITPOINT WARNING * * *
The orc priest calls upon Beogh to heal the orc wizard.
The orc wizard is healed somewhat.
You scratch the orc wizard.
The orc wizard is severely wounded.
Unknown command.
You block the orc wizard's attack.
There is a stone staircase leading up here.
Unknown command.
You block the orc wizard's attack. The orc wizard hits you with a dagger.
* * * LOW HITPOINT WARNING * * *
The orc priest mumbles some strange prayers to Beogh against you.
Something smites you!
* * * LOW HITPOINT WARNING * * *
You climb upwards.
There is a stone staircase leading down here.
Unknown command.
Unknown command.
You scratch the orc wizard.
You kill the orc wizard!
Your Unarmed Combat skill increases to level 4!
You block the orc priest's attack.
Unknown command.
You scratch the orc priest.
The orc priest is lightly wounded.
You scratch the orc priest.
The orc priest is lightly wounded.
The orc priest hits you with a hand axe.
* * * LOW HITPOINT WARNING * * *
You scratch the orc priest.
The orc priest is moderately wounded.
The orc priest calls down the wrath of Beogh upon you.
Pain shoots through your body!
You die...

.# ## .# # #. # .#
.### #. #. ##.##...
#) ...####..#..# #.
..........# #.
#.).....###########.
#..@o# .$.........
#....### #####....##
#...#.. #...... ..#
#.. #....## . ###
####### # # #


You could see an orc priest.

Vanquished Creatures
  An orc wizard (D:3)
  An adder (D:2)
  A worm (D:4)
  4 orcs
  2 bats (D:3)
  3 hobgoblins
  3 kobolds
  A quokka (D:4)
  3 goblins
  A rat (D:1)
20 creatures vanquished.

Notes
Turn   | Place    | Note
--------------------------------------------------------------
     0 | D:1      | Implojin the Troll Fighter began the quest for the Orb.
     0 | D:1      | Reached XP level 1. HP: 22/22 MP: 0/0
   234 | D:2      | Reached XP level 2. HP: 29/29 MP: 1/1
   237 | D:2      | Reached skill level 3 in Unarmed Combat
   256 | D:3      | Found a radiant altar of Vehumet.
   454 | D:4      | Reached XP level 3. HP: 34/36 MP: 2/2
   504 | D:5      | Entered Level 5 of the Dungeon
   504 | D:5      | Noticed speculusfracta's ghost (novice DEWz)
   507 | D:5      | Noticed Blork the orc
   514 | D:5      | Noticed a scorpion
   571 | D:4      | HP: 1/36 [orc priest/divine providence (14)]
   573 | D:3      | Reached skill level 4 in Unarmed Combat
   576 | D:3      | Killed from afar by an orc priest

Action                   || total
-------------------------++-------
Melee: Unarmed           ||    82
  Eat: Chunk             ||     9

Table legend:
 A = Turns spent in this place as a percentage of turns spent in the entire game.
 B = Non-inter-level travel turns spent in this place as a percentage of non-inter-level travel turns spent in the entire game.
 C = Inter-level travel turns spent in this place as a percentage of turns spent in this place.
 D = Turns resting spent in this place as a percentage of non-inter-level travel turns spent in this place.
 E = Turns spent auto-exploring this place as a percentage of non-inter-level travel turns spent in this place.
 F = Non-inter-level travel turns spent in this place divided by the number of levels of this place that you've seen.
                   A       B       C       D       E      F
               +-------+-------+-------+-------+-------+----------------------
         Total | 100.0 | 100.0 |   0.0 |   0.0 |   0.0 | 109.8
       Dungeon | 100.0 | 100.0 |   0.0 |   0.0 |   0.0 | 109.8
               +-------+-------+-------+-------+-------+----------------------

Table legend:
 A = Kills in this place as a percentage of kills in entire the game.
 B = Kills by you in this place as a percentage of kills by you in the entire game.
 C = Kills by friends in this place as a percentage of kills by friends in the entire game.
 D = Other kills in this place as a percentage of other kills in the entire game.
 E = Experience gained in this place as a percentage of experience gained in the entire game.
 F = Experience gained in this place divided by the number of levels of this place that you have seen.
                   A       B       C       D       E      F
               +-------+-------+-------+-------+-------+----------------------
         Total | 100.0 | 100.0 |  -nan |  -nan | 100.0 |  17.8
       Dungeon | 100.0 | 100.0 |  -nan |  -nan | 100.0 |  17.8
               +-------+-------+-------+-------+-------+----------------------
